 Dungeon Crawl Stone Soup version 0.29-a0-885-gb26ba3297d (webtiles) character file.

Game seed: 3882455612466175128

90 zeratav the Stinger (level 4, -4/27 HPs)
             Began as an Octopode Venom Mage on July 20, 2022.
             Slain by Pargi (8 damage)
             ... on level 3 of the Dungeon.
             The game lasted 00:02:40 (2476 turns).

zeratav the Stinger (Octopode Venom Mage)           Turns: 2476, Time: 00:02:41

Health: -4/27      AC:  1    Str:  7    XL:     4   Next: 56%
Magic:  1/7        EV: 13    Int: 19    God:
Gold:   88         SH:  5    Dex: 18    Spells: 4/7 levels left

rFire   . . .      SeeInvis .   i - +0 dagger {short}
rCold   . . .      Faith    .   (no shield)
rNeg    . . .      Spirit   .   (helmet restricted)
rPois   .          Reflect  +   j - amulet of reflection
rElec   .          Harm     .   f - +6 ring of dexterity
rCorr   .          Rampage  .   (no ring)
Will    .....                   (no ring)
Stlth   ++++......              (no ring)
HPRegen 0.09/turn               (no ring)
MPRegen 0.10/turn               (no ring)
                                (no ring)
                                (no ring)

@: no status effects
A: almost no armour, amphibious, 8 rings, camouflage 1, gelatinous body 1,
(nimble swimmer 1), tentacles
a: no special abilities


You were on level 3 of the Dungeon.
You visited 1 branch of the dungeon, and saw 3 of its levels.

You collected 101 gold pieces.
You spent 13 gold pieces at shops.


Innate Abilities, Weirdness & Mutations

You cannot wear most types of armour.
You are amphibious.
You can wear up to eight rings at the same time.
Your skin changes colour to match your surroundings (Stealth+).
Your rubbery body absorbs attacks. (AC +1, EV +1)
((You are camouflaged when in or above water. (Stealth+)))
You have tentacles for arms and can constrict up to eight enemies at once.


   Skills:
 - Level 2.0 Dodging
 - Level 5.0 Stealth
 - Level 2.0 Spellcasting
 - Level 1.0 Transmutations
 + Level 5.1 Poison Magic


You had 4 spell levels left.
You knew the following spells:

 Your Spells              Type           Power      Damage    Failure   Level
a - Sting                 Tmut/Pois      52%        1d5       4%          1
b - Poisonous Vapours     Pois/Air       22%        N/A       9%          2

Your spell library contained the following spells:

 Spells                   Type           Power      Damage    Failure   Level
 Olgreb's Toxic Radiance  Pois           21%        N/A       21%         4
 Mephitic Cloud           Conj/Pois/Air  8%         N/A       26%         3

Inventory:

Hand Weapons
 i - a +0 dagger (weapon) {short}
   (You took it off a goblin on level 1 of the Dungeon)
Jewellery
 f - a +6 ring of dexterity (left tentacle)
   (You found it on level 1 of the Dungeon)
 j - an amulet of reflection (around mantle)
   (You found it on level 3 of the Dungeon)
Scrolls
 b - 3 scrolls of identify {unknown}
 e - 2 scrolls of fear {unknown}
 g - a scroll of fog {unknown}
Potions
 a - a potion of magic
 c - a potion of might {unknown}
 d - a potion of brilliance {unknown}
 h - a potion of curing {unknown}

Dungeon Overview and Level Annotations

Branches:
Dungeon (3/15) Zot: 15505

Altars:

Shops:
D:2 *

Annotations:
D:3 Pargi

##.........####.### .?.
....###.#<.##.....#....
#.......†##.....#... .#
#####............... ##.#
#......(......# #..
#..####......## #.#
........#......# ##.###
#.............T..#####....#
#.[...>...####.@....##....#
.....#######
#..##.....(..##### #####
##########.#......<.......
..........[..#########....
.#########......# ##
######.... ###


You could see Pargi (very poisoned).


Message History

You climb upwards.
There is a stone staircase leading down here.
You start resting.
HP[+18] MP[+6]
Your hp is fully restored (27).
Your mp is fully restored (7).
You climb downwards.
The hobgoblin hits you.
There is a stone staircase leading up here.
HP[-2]
You take 2 damage, and now have 25/27 hp.
You closely miss the hobgoblin. You grab the hobgoblin.
You squeeze the hobgoblin, but do no damage.
You constrict the hobgoblin, but do no damage.
The hobgoblin misses you.
You hit the hobgoblin but do no damage. You constrict the hobgoblin.
The hobgoblin misses you.
You hit the hobgoblin. You constrict the hobgoblin.
You block the hobgoblin's attack.
You hit the hobgoblin but do no damage. You constrict the hobgoblin.
You kill the hobgoblin!
No target in view!
No target in view!
No target in view!
No target in view!
Found a stone staircase leading down.
HP[+2]
Your hp is fully restored (27).
Pargi the Meek comes into view.
Casting: Sting (safe; 4% risk of failure)
Confirm with . or Enter, or press ? or * to list all spells.
Aiming: Poisonous Vapours (safe; 9% risk of failure)
Press: ? - help, Dir - move target, f - Pargi
Aim: Pargi (wandering, hasn't noticed you) Poisonous vapours surround Pargi!
Pargi is poisoned.
Pargi shouts!
MP[-2]
You lost 2 mp, and now have 5/7 mp.
Casting: Poisonous Vapours (safe; 9% risk of failure)
Confirm with . or Enter, or press ? or * to list all spells.
Aiming: Poisonous Vapours (safe; 9% risk of failure)
Press: ? - help, Dir - move target, f/p - Pargi
Aim: Pargi (lightly wounded, poisoned) Poisonous vapours surround Pargi!
Pargi looks even sicker.
Pargi snarls, "My home!
Leave!"
MP[-2]
You lost 2 mp, and now have 3/7 mp.
Casting: Poisonous Vapours (safe; 9% risk of failure)
Confirm with . or Enter, or press ? or * to list all spells.
Aiming: Poisonous Vapours (safe; 9% risk of failure)
Press: ? - help, Dir - move target, f/p - Pargi
Aim: Pargi (lightly wounded, very poisoned) Poisonous vapours surround Pargi!
Pargi looks even sicker.
MP[-2]
You lost 2 mp, and now have 1/7 mp.
Casting: Poisonous Vapours (safe; 9% risk of failure)
Confirm with . or Enter, or press ? or * to list all spells.
You don't have enough magic to cast this spell.
You see here a hobgoblin corpse.
MP[+1]
Casting: Poisonous Vapours (safe; 9% risk of failure)
Confirm with . or Enter, or press ? or * to list all spells.
Aiming: Sting (safe; 4% risk of failure)
Press: ? - help, Shift-Dir - straight line, f/p - Pargi
Aim: Pargi (lightly wounded, very poisoned, 64% to hit)
The sting hits Pargi.
Pargi looks even sicker.
MP[-1]
You lost 1 mp, and now have 1/7 mp.
Casting: Sting (safe; 4% risk of failure)
Confirm with . or Enter, or press ? or * to list all spells.
Aiming: Sting (safe; 4% risk of failure)
Press: ? - help, Shift-Dir - straight line, f/p - Pargi
Aim: Pargi (lightly wounded, very poisoned, 64% to hit)
The sting hits Pargi.
Pargi looks as sick as possible!
MP[-1]
You lost 1 mp, and now have 0/7 mp.
You hit Pargi. You block Pargi's attack. Pargi claws you.
Pargi barely misses you.
HP[-2]
You take 2 damage, and now have 25/27 hp.
You hit Pargi but do no damage. Pargi misses you. You block Pargi's attack.
Pargi closely misses you.
You hit Pargi but do no damage. Pargi misses you. Pargi barely misses you.
You block Pargi's attack.
HP[+1]
You hit Pargi. Pargi bites you. Pargi claws you. Pargi barely misses you.
HP[-8] MP[+1]
You take 8 damage, and now have 18/27 hp.
MASSIVE DAMAGE!! (PAUSE)
You hit Pargi. You squeeze Pargi. Pargi closely misses you.
Pargi completely misses you. Pargi claws you.
HP[-4]
You take 4 damage, and now have 14/27 hp.
You hit Pargi. Your squeeze misses Pargi. Pargi bites you!
* * * LOW HITPOINT WARNING * * *
Pargi closely misses you. Pargi claws you.
* * * LOW HITPOINT WARNING * * *
HP[-10]
You take 10 damage, and now have 4/27 hp.
MASSIVE DAMAGE!! (PAUSE)
You hit Pargi but do no damage. Pargi bites you!
You die...

Skill      XL: |  1  2  3  4 |
---------------+-------------+-----
Stealth        | 3 4 5 |  5.0
Poison Magic   | 4 5 |  5.1
Dodging        | |  2.0
Spellcasting   | |  2.0
Transmutations | |  1.0

Action                   |  1- 3 |  4- 6 || total
-------------------------+-------+-------++-------
Melee: Unarmed           |     1 |       ||     1
       Dagger            |    28 |    25 ||    53
       Tentacles         |    10 |     5 ||    15
       Constrict         |     6 |     4 ||    10
       Punch             |     1 |       ||     1
 Fire: Sling             |    47 |       ||    47
 Cast: Sting             |    12 |     9 ||    21
       Poisonous Vapours |       |     7 ||     7
 Stab: Sleeping          |     8 |       ||     8
Armor: Skin              |     8 |     1 ||     9
Dodge: Dodged            |    32 |    24 ||    56
Block: Other             |       |     7 ||     7

Levels and vault maps discovered:
D:1:      minmay_arrival_widening_spiral_wide, layout_loops_ring,
          nicolae_figureground_pulse
D:2:      layout_rooms, basic_ecumenical_altar, serial_shops,
          nicolae_square_shop, minmay_heptomino_d4
D:3:      layout_rooms, corexii_item_surrounded_by_moat, uniq_pargi, uniq_robin,
          uniq_ijyb, uniq_terence

Notes
Turn   | Place    | Note
-------+----------+-------------------------------------------
     0 | D:1      | zeratav the Octopode Venom Mage began the quest for the
                  | Orb.
     0 | D:1      | Reached XP level 1. HP: 11/11 MP: 3/3
     0 | D:1      | magus.rc [v1.9.6]
   189 | D:1      | Reached skill level 3 in Stealth
   255 | D:1      | Reached XP level 2. HP: 17/17 MP: 5/5
   261 | D:1      | Reached skill level 4 in Poison Magic
  1261 | D:2      | Reached skill level 4 in Stealth
  1261 | D:2      | Reached XP level 3. HP: 18/21 MP: 4/6
  1319 | D:2      | Found Xeullarch's General Store.
  1330 | D:2      | Bought a scroll of noise for 13 gold pieces
  1479 | D:2      | Found a faded altar of an unknown god.
  1857 | D:3      | Noticed Terence
  1860 | D:3      | Reached XP level 4. HP: 18/27 MP: 7/7
  2004 | D:3      | Learned a level 2 spell: Poisonous Vapours
  2026 | D:3      | Killed Terence
  2027 | D:3      | Reached skill level 5 in Poison Magic
  2230 | D:3      | Reached skill level 5 in Stealth
  2453 | D:3      | Noticed Pargi
  2475 | D:3      | HP: 5/27 [Pargi (9)]
  2476 | D:3      | Slain by Pargi

Vanquished Creatures
  Terence (D:3)
  2 adders
  A dart slug (D:2)
  An orc (D:3)
  4 ball pythons
  6 endoplasms
  2 giant cockroaches (D:1)
  3 goblins
  7 hobgoblins
  4 kobolds (D:2)
  A quokka (D:3)
  5 bats
  2 frilled lizards (D:3)
  3 rats
42 creatures vanquished.

Table legend:
 A = Non-vault XP
 B = Vault XP
 C = Vault XP percentage of total XP
 D = Non-vault monster count
 E = Vault monster count
 F = Vault count percentage of total count
                 A         B        C        D         E       F
            +---------+---------+-------+---------+---------+-------
      Total |      90 |      39 |  30.2 |      39 |       3 |   7.1
            +---------+---------+-------+---------+---------+-------
        D:1 |      29 |       0 |   0.0 |      18 |       0 |   0.0
        D:2 |      36 |       3 |   7.7 |      14 |       2 |  12.5
        D:3 |      25 |      36 |  59.0 |       7 |       1 |  12.5
            +---------+---------+-------+---------+---------+-------

Illustrated notes

Table legend:
 A = Kills in this place as a percentage of kills in entire the game.
 B = Kills by you in this place as a percentage of kills by you in the entire game.
 C = Kills by friends in this place as a percentage of kills by friends in the entire game.
 D = Other kills in this place as a percentage of other kills in the entire game.
 E = Experience gained in this place as a percentage of experience gained in the entire game.
 F = Experience gained in this place divided by the number of levels of this place that you have seen.
                   A       B       C       D       E      F
               +-------+-------+-------+-------+-------+----------------------
         Total | 100.0 | 100.0 |   N/A |   N/A | 100.0 |  43.0
       Dungeon | 100.0 | 100.0 |   N/A |   N/A | 100.0 |  43.0
               +-------+-------+-------+-------+-------+----------------------

Table legend: (Time is in decaauts)
 A = Elapsed time spent in this place.
 B = Non-inter-level travel time spent in this place.
 C = Inter-level travel time spent in this place.
 D = Time resting spent in this place.
 E = Time spent auto-exploring this place.
 F = Levels seen in this place.
 G = Mean time per level.
                   A        B        C        D        E       F      G
               +--------+--------+--------+--------+--------+-----+--------+
         Total |   2493 |   2396 |     97 |    456 |   1633 |   3 |  831.0 |
       Dungeon |   2493 |   2396 |     97 |    456 |   1633 |   3 |  831.0 |
               +--------+--------+--------+--------+--------+-----+--------+

Top non-repeatable levels by time:
     D:1: 1248 daAuts
     D:2: 816 daAuts
     D:3: 429 daAuts
